 Dungeon Crawl Stone Soup version 0.20-a0-1000-g0e8f6bb (webtiles) character file.

24659 Lifeless the Covert (level 12, -11/94 HPs)
             Began as a Demonspawn Abyssal Knight on Apr 12, 2017.
             Was the Champion of Lugonu.
             Mangled by a very large slime creature (56 damage)
             ... on level 13 of the Dungeon.
             The game lasted 01:17:49 (18251 turns).

Lifeless the Covert (Demonspawn Abyssal Knight)    Turns: 18251, Time: 01:17:50

Health: -11/94     AC:  6    Str: 15    XL:     12   Next: 82%
Magic:  17/17      EV: 10    Int: 16    God:    Lugonu [******]
Gold:   990        SH: 28    Dex: 16    Spells: 11/11 levels left

rFire    + . .     SeeInvis .   r - +10 dagger of Judgement {vamp, +Rage rPois}
rCold    + . .     Gourm    .   b - +18 shield of the Gong {rElec rN+ MR+ EV-5}
rNeg     + . .     Faith    .   D - +0 troll leather armour
rPois    +         Spirit   .   (helmet restricted)
rElec    +         Reflect  .   k - scarf {repulsion}
rCorr    .         Harm     .   (no gloves)
MR       +++..                  (no boots)
Stlth    ++++++....             v - amulet "Ymufozox" {RegenMP rC+ MR+ Str+3}
Regen    0.7/turn               j - ring of protection from fire
MPRegen  0.3/turn               F - ring of protection from magic

@: repel missiles
A: horns 2, thin metallic scales 1, foul stench 1, nightstalker 2, rot immunity
a: Depart the Abyss, Bend Space, Banish, Corrupt, Enter the Abyss, Brand Weapon
With Distortion, Renounce Religion, Evoke Berserk Rage


You were on level 13 of the Dungeon.
You worshipped Lugonu.
Lugonu was exalted by your worship.
You were hungry.

You visited 1 branch of the dungeon, and saw 14 of its levels.
You visited the Abyss 1 time.

You collected 990 gold pieces.

Inventory:

Hand Weapons
 r - the +10 dagger of Judgement (weapon) {vamp, +Rage rPois}
   (You found it on level 6 of the Dungeon)

   It inflicts no extra harm, but heals its wielder when it wounds a living foe.
   It protects you from poison.
   It lets you go berserk.
Missiles
 t - a throwing net (quivered)
Armour
 b - the +18 shield of the Gong (worn) {rElec rN+ MR+ EV-5}
   (You found it on level 4 of the Dungeon)

   It affects your evasion (-5).
   It insulates you from electricity.
   It protects you from negative energy.
   It affects your resistance to hostile enchantments.
 k - a scarf of repulsion (worn)
 p - a +1 leather armour of magic resistance
 D - a +0 troll leather armour (worn)
Jewellery
 j - a ring of protection from fire (left hand)
 v - the amulet "Ymufozox" (around neck) {RegenMP rC+ MR+ Str+3}
   (You acquired it on level 12 of the Dungeon)

   [amulet of magic regeneration]

   It increases your magic regeneration.
   It affects your strength (+3).
   It protects you from cold.
   It affects your resistance to hostile enchantments.
 y - an uncursed ring of poison resistance
 F - a ring of protection from magic (right hand)
Wands
 h - a wand of lightning (6/15)
 m - a wand of enslavement (0/24)
 n - a wand of iceblast (5/15)
 C - a wand of lightning (3/15)
 G - a wand of flame (18/48)
Scrolls
 d - a scroll of fog
 e - 4 scrolls of teleportation
 f - 3 scrolls of recharging
 g - 3 scrolls of enchant weapon
 o - 4 scrolls of remove curse
 w - a scroll of fear
Potions
 a - a potion of agility
 i - 7 potions of curing
 q - 2 potions of lignification
 s - a potion of heal wounds {unknown}
 x - a potion of cancellation {unknown}
 z - a potion of flight
 A - a potion of magic {unknown}
 B - a potion of might {unknown}
 E - a potion of haste
Comestibles
 c - 8 bread rations
 l - 4 royal jellies
 u - 5 meat rations
 H - 7 chunks of flesh


   Skills:
 + Level 8.8 Fighting
 * Level 9.3 Short Blades
   Level 5.9 Axes
 - Level 4.6 Armour
 + Level 7.3 Dodging
 * Level 10.3 Stealth
 + Level 6.1 Shields
 - Level 7.1 Invocations
 - Level 3.3 Evocations


You had 11 spell levels left.
You didn't know any spells.

Dungeon Overview and Level Annotations

Branches:
Dungeon (14/15)            Temple (0/1) D:4            Lair (0/6) D:11
    Orc (0/2) D:10
 Vaults: D:13-14

Altars:
Elyvilon
Hepliaklqana

Shops:
D:9 *   D:10 (

Portals:
Trove: D:13 (give horn of Geryon)

Annotations:
D:5 1 runed door


Innate Abilities, Weirdness & Mutations

You have a pair of horns on your head.
You are partially covered in thin metallic scales. (AC +2)
You may emit foul miasma when damaged in melee.
You are significantly more attuned to the shadows.
You are immune to rotting.


Message History

The very large slime creature is heavily wounded.
You block the very large slime creature's attack.
GONNNNG!
You block the slime creature's attack.
GONNNNG!
You puncture the very large slime creature!
You feel better.
The very large slime creature is heavily wounded.
You block the very large slime creature's attack.
GONNNNG!
You hit the very large slime creature.
The very large slime creature is heavily wounded.
You block the slime creature's attack.
BONNNG!
You hit the very large slime creature.
You headbutt the very large slime creature, but do no damage.
The very large slime creature is heavily wounded.
The very large slime creature hits you!!!
Ouch! That really hurt!
You die...

.........#########.######
.#.#.##### ###.##############
#.##.# #.................
####.# #.#.###.#####.#### #.#
#.#.# #.# #.#... #.# #.#.# #.#
#.#.## #.# #.#.###.# #.#.# #.#
#J#....=# #.#.# #.# #@#######
#.#.## #.# ##J## #####....#
#.##########o{.######.......#.
#............#........###..#.#
############...##########.#.##
##.............###
###############


You could see a very large slime creature, a slime creature and an orc.

Vanquished Creatures
  4 hydras
  4 two-headed ogres
  3 deep elf magi (D:13)
  2 cyclopes
  A manticore (D:11)
  An ugly thing (D:13)
  2 centaur zombies
  A spiny frog (shapeshifter) (D:13)
  A gargoyle (D:13)
  2 komodo dragons
  3 tengu conjurers (D:13)
  5 trolls
  A hornet (D:12)
  A slime creature (D:13)
  A harpy skeleton (D:13)
  A wraith (D:13)
  24 yaks
  A wyvern (D:8)
  Eustachio (D:4)
  2 water moccasins (D:11)
  2 soldier ants
  3 black bears (D:11)
  7 orc warriors
  An ice beast (D:14)
  An eye of draining (D:11)
  3 sky beasts
  7 ogres
  2 centaurs
  A crocodile (D:10)
  A big kobold (D:10)
  10 bullfrogs
  A gnoll sergeant (D:6)
  A wyvern zombie (D:14)
  2 wyvern skeletons
  5 scorpions
  A water moccasin skeleton (D:8)
  29 killer bees
  19 wights
  2 howler monkeys
  5 jellies
  4 crimson imps
  2 quasits
  2 centaur skeletons
  9 hounds
  7 orc priests
  2 gnoll shamans
  5 bullfrog skeletons
  2 iguanas
  15 orc wizards
  16 worker ants
  A killer bee zombie (D:7)
  A hound zombie (D:8)
  2 hound skeletons
  A howler monkey zombie (D:8)
  4 worker ant zombies
  19 gnolls
  5 adders
  2 shadow imps
  2 oozes
  4 adder zombies
  An adder skeleton (D:7)
  3 worms
  3 dart slugs
  5 leopard geckos
  65 orcs
  A ball python (D:3)
  8 bats
  6 giant cockroaches
  10 goblins
  6 hobgoblins
  2 jackals (D:4)
  8 kobolds
  8 quokkas
  10 frilled lizards
  A leopard gecko skeleton (D:5)
  3 quokka skeletons
  27 rats
436 creatures vanquished.

Vanquished Creatures (collateral kills)
  An orc wizard (D:5)
  2 orcs (D:5)
3 creatures vanquished.

Vanquished Creatures (others)
  An orc wizard (D:9)
  A plant (D:11)
2 creatures vanquished.

Grand Total: 441 creatures vanquished

Notes
Turn   | Place    | Note
-------+----------+-------------------------------------------
     0 | Abyss:1  | Lifeless the Demonspawn Abyssal Knight began the quest for the Orb.
     0 | Abyss:1  | Reached XP level 1. HP: 18/18 MP: 2/2
    68 | Abyss:1  | Noticed a thrashing horror
    69 | D:1      | Escaped the Abyss
    79 | D:1      | Reached skill level 1 in Dodging
   165 | D:1      | Gained mutation: You are immune to rotting. [demonic ancestry]
   165 | D:1      | Reached XP level 2. HP: 24/24 MP: 3/3
   346 | D:1      | Reached * piety under Lugonu
  1036 | D:1      | Gained mutation: You may emit foul miasma when damaged in melee. [demonic ancestry]
  1036 | D:1      | Reached XP level 3. HP: 20/29 MP: 4/4
  1699 | D:2      | Found a hazy altar of Hepliaklqana.
  1762 | D:3      | Reached XP level 4. HP: 11/35 MP: 6/6
  2826 | D:3      | Reached ** piety under Lugonu
  3163 | D:3      | Reached XP level 5. HP: 35/41 MP: 7/7
  4289 | D:4      | Gained mutation: You are slightly more attuned to the shadows. [demonic ancestry]
  4289 | D:4      | Reached XP level 6. HP: 36/48 MP: 9/9
  4436 | D:4      | Found a staircase to the Ecumenical Temple.
  4925 | D:4      | Noticed Eustachio
  5172 | D:4      | Killed Eustachio
  5172 | D:4      | Reached skill level 5 in Invocations
  5172 | D:4      | Gained mutation: You have a pair of small horns on your head. [demonic ancestry]
  5172 | D:4      | Reached XP level 7. HP: 21/54 MP: 10/10
  5181 | D:4      | Reached *** piety under Lugonu
  6236 | D:5      | Entered Level 5 of the Dungeon
  6501 | D:5      | Reached skill level 5 in Axes
  6501 | D:5      | Gained mutation: You have a pair of horns on your head. [demonic ancestry]
  6501 | D:5      | Reached XP level 8. HP: 59/61 MP: 12/12
  6643 | D:5      | Found a white marble altar of Elyvilon.
  6644 | D:5      | Found a runed door.
  6645 | D:5      | Noticed an angel
  7663 | D:5      | Reached **** piety under Lugonu
  7684 | D:5      | Reached skill level 5 in Fighting
  8394 | D:6      | Got a brightly glowing dagger
  8397 | D:6      | Identified the +10 dagger of Judgement {vamp, +Rage rPois} (You found it on level 6 of the Dungeon)
  8777 | D:7      | Reached skill level 1 in Stealth
  8787 | D:7      | Reached skill level 1 in Short Blades
  8892 | D:7      | Gained mutation: You are significantly more attuned to the shadows. [demonic ancestry]
  8892 | D:7      | Reached XP level 9. HP: 68/68 MP: 14/14
  9288 | D:7      | Reached skill level 2 in Stealth
  9654 | D:7      | Reached skill level 1 in Shields
 10142 | D:8      | Reached skill level 3 in Stealth
 10183 | D:8      | Reached ***** piety under Lugonu
 10336 | D:8      | Reached skill level 5 in Dodging
 10982 | D:8      | Reached skill level 4 in Stealth
 11109 | D:9      | Reached XP level 10. HP: 50/76 MP: 15/15
 11164 | D:9      | Reached skill level 5 in Stealth
 11751 | D:9      | Found Gusin's Assorted Antiques.
 11903 | D:9      | Noticed a two-headed ogre
 11911 | D:9      | Killed a two-headed ogre
 11911 | D:9      | Reached skill level 5 in Short Blades
 12368 | D:10     | Entered Level 10 of the Dungeon
 12724 | D:10     | Noticed a cyclops
 12725 | D:10     | Reached skill level 1 in Evocations
 12781 | D:10     | Killed a cyclops
 12781 | D:10     | Reached skill level 6 in Stealth
 13211 | D:10     | Found a staircase to the Orcish Mines.
 13211 | D:10     | Found Ocajamp's Weapon Emporium.
 13669 | D:11     | Reached XP level 11. HP: 84/84 MP: 16/16
 13788 | D:11     | Noticed a two-headed ogre
 13797 | D:11     | Killed a two-headed ogre
 13797 | D:11     | Reached skill level 7 in Stealth
 13834 | D:11     | Noticed a two-headed ogre
 13864 | D:11     | Killed a two-headed ogre
 13885 | D:11     | Reached ****** piety under Lugonu
 14364 | D:11     | Found a staircase to the Lair.
 14651 | D:11     | Reached skill level 8 in Stealth
 15296 | D:12     | Noticed an eight-headed hydra
 15297 | D:12     | Banished an eight-headed hydra
 15297 | D:12     | Reached skill level 5 in Shields
 15590 | D:12     | Noticed a five-headed hydra
 15593 | D:12     | Paralysed by a hornet for 2 turns
 16008 | D:12     | Identified a scroll of acquirement
 16009 | D:12     | Got a vibrating lead amulet
 16010 | D:12     | Identified the amulet "Ymufozox" {RegenMP rC+ MR+ Str+3} (You acquired it on level 12 of the Dungeon)
 16075 | D:12     | Killed a five-headed hydra
 16075 | D:12     | Gained mutation: You are partially covered in thin metallic scales. (AC +2) [demonic ancestry]
 16075 | D:12     | Reached XP level 12. HP: 92/92 MP: 17/17
 16153 | D:12     | Reached skill level 9 in Stealth
 16181 | D:12     | Noticed a five-headed hydra
 16181 | D:12     | Noticed a four-headed hydra
 16190 | D:12     | Killed a five-headed hydra
 16196 | D:12     | Killed a four-headed hydra
 16765 | D:13     | Found a portal to a secret trove of treasure.
 17802 | D:14     | Noticed a seven-headed hydra
 17804 | D:14     | Killed a seven-headed hydra
 17804 | D:14     | Reached skill level 10 in Stealth
 17815 | D:14     | Noticed a two-headed ogre
 17999 | D:13     | Killed a two-headed ogre
 18251 | D:13     | Mangled by a very large slime creature

Vault maps used:
D:1:      dpeg_arrival_tiny_a
D:2:      nicolae_overflow_crystal_walls, first_bread
D:3:      cheibrodos_sewer_entry_bend, minivault_26
D:4:      cheibrodos_barr_body, minmay_temple_entry_water_ring, minmay_rat_hole,
          uniq_eustachio
D:5:      lemuel_angel_altar
D:6:      kennysheep_generic_room_5
D:7:      grunt_ogre_cave
D:9:      serial_shops, shop_coins, serial_column_ruins,
          column_ruins_square_medium, column_ruins_hut_water,
          column_ruins_open_small, column_ruins_columns_straight,
          column_ruins_grid_1, column_ruins_columns_plus, column_ruins_grid_1
D:10:     orc_david_3
D:11:     grunt_lair_entry_orc_guard_hut
D:13:     nicolae_trove_entry_free_sample
D:14:     grunt_vaults_entry_tiered, minmay_misc_feat_tower

Skill      XL: |  1  2  3  4  5  6  7  8  9 10 11 12 |
---------------+-------------------------------------+-----
Dodging        | 1 2 3 4 5 6 7 |  7.3
Axes           | 2 3 4 5 |  5.9
Armour         | 2 3 4 |  4.6
Invocations    | 3 4 5 7 |  7.1
Fighting       | 4 5 6 7 8 |  8.8
Stealth        | 1 4 6 8 10 | 10.3
Short Blades   | 1 4 6 7 9 |  9.3
Shields        | 2 3 5 6 |  6.1
Evocations     | 2 3 |  3.3

Action                   |  1- 3 |  4- 6 |  7- 9 | 10-12 || total
-------------------------+-------+-------+-------+-------++-------
Melee: Hand axe          |   134 |   330 |   312 |       ||   776
       Headbutt          |       |       |   111 |   219 ||   330
       Dagger            |       |       |   247 |  1079 ||  1326
Invok: Depart the Abyss  |     1 |       |       |       ||     1
       Bend Space        |       |       |     1 |     2 ||     3
       Banish            |       |       |       |     1 ||     1
 Abil: Evoke Berserk Rag |       |       |     1 |     6 ||     7
Evoke: Wand              |       |       |     3 |     5 ||     8
  Use: Scroll            |     1 |     8 |     2 |     5 ||    16
       Potion            |       |     1 |       |     3 ||     4
 Stab: Distracted        |       |     1 |     4 |     3 ||     8
       Sleeping          |       |       |       |     9 ||     9
  Eat: Chunk             |     3 |     7 |    13 |    26 ||    49
       Meat ration       |       |     1 |       |       ||     1
       Bread ration      |       |       |     2 |       ||     2
       Royal jelly       |       |       |     1 |     2 ||     3
Armor: Leather armour    |    28 |    35 |    19 |    55 ||   137
       Ring mail         |       |    25 |    27 |       ||    52
       Troll leather arm |       |       |       |     5 ||     5
Dodge: Dodged            |    90 |    88 |    35 |   124 ||   337
       Deflected         |     1 |     3 |       |     4 ||     8
Block: Shield            |       |   186 |   545 |  1142 ||  1873
